 Dungeon Crawl Stone Soup version 0.20.0-15-g7f486f2 (webtiles) character file.

465 OliverScoot the Sneak (level 6, 0/28 HPs)
             Began as a Felid Monk on June 27, 2017.
             Was a Believer of Dithmenos.
             Slain by an ice beast (5 damage)
             ... on level 4 of the Dungeon.
             The game lasted 00:38:14 (3939 turns).

OliverScoot the Sneak (Felid Monk)                  Turns: 3939, Time: 00:38:15

Health: 0/28       AC:  5    Str:  8    XL:     6   Next: 80%
Magic:  9/9        EV: 22    Int: 13    God:    Dithmenos [**....]
Gold:   203        SH:  0    Dex: 18    Spells: 8/8 levels left
                                        Lives:  0   Deaths: 1

rFire    . . .     SeeInvis +     - Unarmed
rCold    . . .     Gourm    .   (shield unavailable)
rNeg     . . .     Faith    .   (armour unavailable)
rPois    .         Spirit   .   (helmet unavailable)
rElec    .         Reflect  .   (cloak unavailable)
rCorr    .         Harm     .   (gloves unavailable)
MR       .....                  (boots unavailable)
Stlth    +++++.....             (no amulet)
Regen    0.1/turn               i - +3 ring of protection
MPRegen  0.2/turn               (no ring)

@: wreathed by umbra, quick
A: no armour, no weapons or thrown items, stealth, claws 1, fangs 3, see
invisible, carnivore 3, speed 1, shaggy fur 2, slow metabolism 1, sharp paws
a: Shadow Step, Renounce Religion


You were on level 4 of the Dungeon.
You worshipped Dithmenos.
Dithmenos was pleased with you.
You were completely stuffed.

You visited 1 branch of the dungeon, and saw 4 of its levels.

You collected 203 gold pieces.

Inventory:

Hand Weapons
 b - a +3 whip of electrocution
Jewellery
 i - a +3 ring of protection (left paw)
Scrolls
 c - a scroll of noise {unknown}
 d - 4 scrolls of blinking
 e - 2 scrolls of identify
 f - 2 scrolls of teleportation
Comestibles
 a - 2 meat rations
 g - a bread ration
 h - a royal jelly


   Skills:
 + Level 3.4 Fighting
 * Level 6.1 Dodging
 * Level 6.4 Stealth
 + Level 5.0 Unarmed Combat
 - Level 1.5 Spellcasting


You had 8 spell levels left.
You didn't know any spells.

Dungeon Overview and Level Annotations

Branches:
Dungeon (4/15)
 Temple: D:4-7

Altars:
Dithmenos
Fedhas
Yredelemnul


Innate Abilities, Weirdness & Mutations

You cannot wear armour.
You are incapable of wielding weapons or throwing items.
Your paws allow you to move quietly. (Stealth)
You have sharp claws.
You have razor-sharp teeth.
You have supernaturally acute eyesight. (SInv)
You are carnivorous and can eat meat at any time.
You cover ground quickly.
You are covered in thick fur. (AC +2)
You have a slow metabolism.
Your sharp claws are effective at attacking unaware monsters.


Message History

You closely miss the ice beast.
The jackal barks!
Your bite misses the ice beast.
The ice beast is heavily wounded.
The orc shouts!
The orc priest shouts!
The hound barks!
The ice beast completely misses you.
The orc drinks a potion.
The orc flickers and vanishes for a moment.
You scratch the ice beast.
The ice beast is severely wounded.
The ice beast closely misses you. The orc priest hits you with a flail.
The jackal misses you.
You closely miss the ice beast.
The ice beast is severely wounded.
The ice beast misses you. The jackal completely misses you.
The orc priest hits you with a flail.
* * * LOW HITPOINT WARNING * * *
The ice beast hits you.
* * * LOW HITPOINT WARNING * * *
The ice beast freezes you.
You die...

.#........##..##............#
.####...#.................#.#
.####...#.).####.....####.#
............#..##...## .# #
###.###.....#...##.## ..#
.##.# #.....##...#.# ..#
.##.# ###.#..##lo#.#'.# .##.#
#......###h.o###.. ....#
#........@Y8...... .####
#......###h..###.. .#
#####.....## '#.#'.#
.###........## .. o#...#
............# ..# .# ...#
####.(......#(.# .. ..#
#####....####. .. ###
#(........ ... #...######


You could see an ice beast, a hound, 2 orcs and a jackal.

Vanquished Creatures
  A human (D:3)
  An ogre (D:4)
  2 orc priests (D:4)
  2 orc wizards
  2 worker ants (D:4)
  A hound skeleton (D:4)
  5 adders
  A worm (D:3)
  3 leopard geckos
  13 orcs
  9 bats
  3 giant cockroaches
  4 goblins
  5 hobgoblins
  3 jackals (D:3)
  2 quokkas
  2 ball pythons
  4 frilled lizards
  A goblin zombie (D:3)
  3 kobolds
  8 rats
75 creatures vanquished.

Notes
Turn   | Place    | Note
-------+----------+-------------------------------------------
     0 | D:1      | OliverScoot the Felid Monk began the quest for the Orb.
     0 | D:1      | Reached XP level 1. HP: 10/10 MP: 2/2
   159 | D:1      | Reached XP level 2. HP: 14/14 MP: 3/3
   597 | D:1      | You fall through a shaft!
   635 | D:2      | Reached XP level 3. HP: 17/17 MP: 4/4
  1106 | D:2      | Found a shadowy altar of Dithmenos.
  1114 | D:2      | Became a worshipper of Dithmenos the Shadowed
  1114 | D:2      | Reached * piety under Dithmenos
  1114 | D:2      | Reached ** piety under Dithmenos
  1526 | D:3      | Reached skill level 5 in Dodging
  1672 | D:3      | Found a blossoming altar of Fedhas.
  1785 | D:3      | Reached XP level 4. HP: 21/21 MP: 5/5
  2029 | D:3      | Found a runed door.
  2029 | D:3      | Noticed a human
  2030 | D:3      | Found a basalt altar of Yredelemnul.
  2074 | D:3      | Slain by an orc
  2075 | D:3      | Reached XP level 3. HP: 0/17 MP: 4/4
  2304 | D:3      | Reached XP level 4. HP: 15/21 MP: 4/6
  2480 | D:3      | Reached skill level 1 in Spellcasting
  2562 | D:3      | Killed a human
  2562 | D:3      | Reached skill level 5 in Stealth
  2562 | D:3      | Reached XP level 5. HP: 18/24 MP: 6/8
  3197 | D:4      | Gained mutation: You are covered in thick fur. (AC +2) [Felid growth]
  3197 | D:4      | Reached XP level 6. HP: 28/28 MP: 9/9
  3755 | D:4      | Reached skill level 5 in Unarmed Combat
  3924 | D:4      | Noticed an ice beast
  3939 | D:4      | Slain by an ice beast

Skill      XL: |  1  2  3  4  5  6 |
---------------+-------------------+-----
Stealth        | 4 5 6 |  6.4
Dodging        | 5 6 |  6.1
Spellcasting   | 1 |  1.5
Unarmed Combat | 4 5 |  5.0
Fighting       | |  3.4

Action                   |  1- 3 |  4- 6 || total
-------------------------+-------+-------++-------
Melee: Unarmed           |    99 |   144 ||   243
       Bite              |     5 |    18 ||    23
       Punch             |     1 |     2 ||     3
Invok: Shadow Step       |       |     1 ||     1
  Use: Scroll            |    10 |     1 ||    11
       Potion            |     6 |       ||     6
 Stab: Sleeping          |    12 |     6 ||    18
       Distracted        |     1 |       ||     1
  Eat: Chunk             |     1 |    15 ||    16
Armor: Skin              |     4 |     7 ||    11
Dodge: Dodged            |    64 |   110 ||   174
